 Dungeon Crawl Stone Soup version 0.22-a0-322-g60b3cfd (webtiles) character file.

62 Kairos the Skirmisher (level 4, 0/35 HPs)
             Began as a Human Fighter on Apr 4, 2018.
             Succumbed to an adder's poison
             ... on level 2 of the Dungeon.
             The game lasted 00:01:08 (1132 turns).

Kairos the Skirmisher (Human Fighter)               Turns: 1132, Time: 00:01:08

Health: 0/35       AC:  6    Str: 17    XL:     4   Next: 28%
Magic:  4/4        EV:  7    Int:  8    God:
Gold:   44         SH:  9    Dex: 13    Spells: 3/3 levels left

rFire    . . .     SeeInvis .   a - +0 flail
rCold    . . .     Gourm    .   c - +0 shield
rNeg     . . .     Faith    .   b - +0 scale mail
rPois    .         Spirit   .   (no helmet)
rElec    .         Reflect  .   (no cloak)
rCorr    .         Harm     .   (no gloves)
MR       .....                  (no boots)
Stlth    ..........             (no amulet)
HPRegen  0.11/turn              (no ring)
MPRegen  0.09/turn              (no ring)

@: lethally poisoned (0 -> -8)
A: no striking features
a: no special abilities


You were on level 2 of the Dungeon.
You were hungry.

You visited 1 branch of the dungeon, and saw 2 of its levels.

You collected 44 gold pieces.

Inventory:

Hand Weapons
 a - a +0 flail (weapon)
Armour
 b - a +0 scale mail (worn)
 c - a +0 shield (worn)
Scrolls
 g - 4 scrolls of identify {unknown}
 i - a scroll of remove curse {unknown}
 l - a scroll of random uselessness {unknown}
Potions
 d - 2 potions of might
 e - a potion of mutation {unknown}
 h - a potion of curing {unknown}
 j - a potion of berserk rage {unknown}
 k - 2 potions of magic {unknown}
 m - a potion of brilliance {unknown}
Comestibles
 f - 4 rations


   Skills:
 + Level 3.5 Fighting
 + Level 2.8 Maces & Flails
 + Level 3.4 Armour
 + Level 0.1 Dodging
 + Level 3.4 Shields


You had 3 spell levels left.
You didn't know any spells.

Dungeon Overview and Level Annotations

Branches:
Dungeon (2/15)

Altars:


Message History

* * * LOW HITPOINT WARNING * * *
You block the kobold's attack.
You hit the adder.
The adder is heavily wounded.
* * * LOW HITPOINT WARNING * * *
You feel sick. The adder closely misses you. You block the kobold's attack.
The adder barely misses you.
Your shield prevents you from hitting the adder.
The adder is heavily wounded.
* * * LOW HITPOINT WARNING * * *
You feel sick. You block the adder's attack. The kobold barely misses you.
You block the adder's attack.
You miss the adder.
The adder is heavily wounded.
* * * LOW HITPOINT WARNING * * *
You feel sick. The kobold hits you but does no damage.
You block the adder's attack. The kobold hits you but does no damage.
You hit the adder.
The adder is almost dead.
You die...

## .# ####### .#
###...#.##S##
##.##........@..####
#......(>.....K.<..#
#..##.#####(##..#..#
#..##.# #.# ..# .#
#..##.## ##.# ....
#..##..###.## ..#..
## ####..##.#....#
..#..# .#
........(.).#.# ..#
.# .# ####
####.............
##.##..


You could see an adder and a kobold.

Vanquished Creatures
  A worker ant (D:2)
  An ooze (D:2)
  A worm (D:1)
  An orc (D:2)
  4 bats
  2 giant cockroaches (D:2)
  5 goblins (D:1)
  5 hobgoblins
  A frilled lizard (D:2)
  5 kobolds
  2 rats (D:1)
28 creatures vanquished.

Notes
Turn   | Place    | Note
-------+----------+-------------------------------------------
     0 | D:1      | Kairos the Human Fighter began the quest for the Orb.
     0 | D:1      | Reached XP level 1. HP: 18/18 MP: 1/1
   118 | D:1      | Reached XP level 2. HP: 17/24 MP: 2/2
   883 | D:2      | Reached XP level 3. HP: 26/29 MP: 3/3
  1077 | D:2      | Reached XP level 4. HP: 34/35 MP: 4/4
  1131 | D:2      | HP: 1/35 [poisoned by an adder]
  1132 | D:2      | Succumbed to an adder's poison

Vault maps used:
D:1:      evilmike_arrival_run_for_it

Action                   |  1- 3 |  4- 6 || total
-------------------------+-------+-------++-------
Melee: Flail             |    67 |    23 ||    90
Armor: Scale mail        |    29 |    12 ||    41
Dodge: Dodged            |    11 |    12 ||    23
Block: Shield            |    32 |    21 ||    53

Table legend:
 A = Spawn XP
 B = Non-spawn XP
 C = Spawn XP percentage of total XP
 D = Spawn monster count
 E = Non-spawn monster count
 F = Spawn count percentage of total count
 G = Total turns spent on level
                    A         B        C        D         E        F      G
               +---------+---------+-------+---------+---------+-------+---------
         Total |       0 |      89 |   0.0 |       0 |      28 |   0.0 |  1132
               +---------+---------+-------+---------+---------+-------+---------
           D:1 |       0 |      28 |   0.0 |       0 |      15 |   0.0 |   878
           D:2 |       0 |      61 |   0.0 |       0 |      13 |   0.0 |   254
               +---------+---------+-------+---------+---------+-------+---------
